 Dungeon Crawl Stone Soup version 0.29-a0-359-g541a27f54d (webtiles) character file.

Game seed: 16346827565700716755

24 Shayle the Sneak (level 3, 0/21 HPs)
             Began as a Tengu Brigand on Apr 28, 2022.
             Slain by a ball python (2 damage)
             ... on level 2 of the Dungeon.
             The game lasted 00:02:53 (1112 turns).

Shayle the Sneak (Tengu Brigand)                    Turns: 1112, Time: 00:02:54

Health: 0/21       AC:  3    Str: 10 (11) XL:     3   Next: 2%
Magic:  4/4        EV:  9    Int: 11 (13) God:
Gold:   32         SH:  0    Dex: 14 (15) Spells: 2/2 levels left

rFire   . . .      SeeInvis .   a - +2 dagger
rCold   . . .      Faith    .   (no shield)
rNeg    . . .      Spirit   .   b - +0 robe
rPois   .          Reflect  .   (helmet restricted)
rElec   .          Harm     .   c - +0 cloak
rCorr   .          Rampage  .   (no gloves)
Will    .....                   (boots unavailable)
Stlth   +++.......              (no amulet)
HPRegen 0.07/turn               (no ring)
MPRegen 0.09/turn               (no ring)

@: flying, hasted, constricted, invisible, very quick
A: beak, talons 3
a: no special abilities


You were on level 2 of the Dungeon.
You visited 1 branch of the dungeon, and saw 2 of its levels.

You collected 32 gold pieces.

Inventory:

Hand Weapons
 a - a +2 dagger (weapon)
Missiles
 d - 9 poisoned darts
 e - 3 curare-tipped darts (quivered)
Armour
 b - a +0 robe (worn)
 c - a +0 cloak (worn)
Scrolls
 f - a scroll of noise {unknown}
 g - 2 scrolls of identify {unknown}
 l - a scroll of enchant armour {unknown}
Potions
 h - a potion of curing {unknown}


   Skills:
 + Level 2.3 Fighting
 + Level 2.5 Short Blades
 + Level 2.3 Throwing
 + Level 1.6 Dodging
 + Level 4.2 Stealth


You had 2 spell levels left.
You didn't know any spells.
Your spell library was empty.

Dungeon Overview and Level Annotations

Branches:
Dungeon (2/15)

Altars:


Innate Abilities, Weirdness & Mutations

You have a beak for a mouth.
You have claws for feet.


Message History

Your experience leads to an increase in your attributes!
Increase (S)trength, (I)ntelligence, or (D)exterity?
You feel clever. x2
You hit the orc priest.
The orc priest is lightly wounded.
The orc priest looks satisfied for a moment.
You closely miss the orc priest.
The orc priest is lightly wounded.
The ball python closely misses you. The ball python grabs you.
The ball python constricts you. The orc priest hits you with a +0 club.
You hit the orc priest.
You claw the orc priest, but do no damage.
The orc priest is moderately wounded.
The ball python bites you but does no damage.
The ball python constricts you. The orc priest hits you with a +0 club.
* * * LOW HITPOINT WARNING * * *
It was a potion of flight.
You feel very buoyant.
You fly up into the air.
The ball python bites you.
* * * LOW HITPOINT WARNING * * *
The ball python constricts you. The orc priest closely misses you.
The ball python bites you but does no damage.
The ball python constricts you.
It was a potion of degeneration.
There was something very wrong with that liquid.
You feel weakened.
You feel dopey.
You feel clumsy. The ball python closely misses you.
The ball python constricts you.
It was a potion of invisibility.
You fade into invisibility!
The ball python bites you.
* * * LOW HITPOINT WARNING * * *
The ball python constricts you.
The orc priest hits you but does no damage.
You hit the orc priest. Your peck misses the orc priest.
The orc priest is heavily wounded.
The ball python closely misses you. The ball python constricts you.
The orc barely misses you.
It was a potion of haste.
You feel yourself speed up. The ball python bites you.
You die...

##+### #....# .. .. #....#
.? ##.. #+#######....###
.##.... #.##...........#
...o... #.##..........o#
o.....# ###.##.....>)...@#
)oo...#
#..............So###.......
#.#.##....######...oS......
#.#.##....# #.#####.....
#'#.##....# #.# ...
....##....# #.# #
..........+ +.. ..........#
#.# #.........# #..


You could see an orc priest (can't see you), an orc (can't see you) and a ball
python (can't see you).

Vanquished Creatures
  A dart slug (D:1)
  An orc (D:2)
  A bat (D:2)
  An endoplasm (D:1)
  3 goblins
  A hobgoblin (D:1)
  4 kobolds (D:1)
  2 frilled lizards (D:1)
  7 rats
21 creatures vanquished.

Notes
Turn   | Place    | Note
-------+----------+-------------------------------------------
     0 | D:1      | Shayle the Tengu Brigand began the quest for the Orb.
     0 | D:1      | Reached XP level 1. HP: 12/12 MP: 2/2
    40 | D:1      | Found a faded altar of an unknown god.
    55 | D:1      | Reached XP level 2. HP: 1/17 MP: 3/3
  1105 | D:2      | Reached XP level 3. HP: 15/21 MP: 4/4
  1112 | D:2      | Slain by a ball python

Illustrated notes

Levels and vault maps discovered:
D:1:      dpeg_arrival_rooms_b, layout_rooms, serial_bayou,
          serial_bayou_shore_b, serial_bayou_shore_a, serial_bayou_shore_b,
          serial_bayou_pond_e, chequers_ecumenical_altar_simple_redux,
          dk_noncrumbling_3
D:2:      layout_basic

Action                   || total
-------------------------++-------
Melee: Dagger            ||    46
       Kick              ||     7
       Peck              ||     3
Throw: Dart              ||     1
  Use: Potion            ||     4
 Stab: Sleeping          ||     4
Armor: Robe              ||    12
Dodge: Dodged            ||    17

Table legend: (Time is in decaauts)
 A = Elapsed time spent in this place.
 B = Non-inter-level travel time spent in this place.
 C = Inter-level travel time spent in this place.
 D = Time resting spent in this place.
 E = Time spent auto-exploring this place.
 F = Levels seen in this place.
 G = Mean time per level.
                   A        B        C        D        E       F      G
               +--------+--------+--------+--------+--------+-----+--------+
         Total |   1123 |   1113 |     10 |    305 |    579 |   2 |  561.5 |
       Dungeon |   1123 |   1113 |     10 |    305 |    579 |   2 |  561.5 |
               +--------+--------+--------+--------+--------+-----+--------+

Top non-repeatable levels by time:
     D:1: 1025 daAuts
     D:2: 97 daAuts
